Map: Catalyseur EC

Players

ShaDoWn

  • Race: Protoss Protoss
  • League: Grandmaster
  • Spawn Location: 11:00

Bunny - Winner!

  • Race: Terran Terran
  • League: Diamond
  • Spawn Location: 5:00

Event: HomeStory Cup XVII

VOD

Have the link to the VOD?

Description

Time

  • Played on: June 28, 2018, 3:01 p.m.
  • Length: 9:45

All games in this series

Show
View Real Time Build Order
Export as new Build Order

ShaDoWn Protoss 

Build Orders: 1 Gate Expand, Oracle Opening 

Get SALT Encoding   

  12  0:00  Probe  
  13  0:13  Probe  
  14  0:17  Pylon  
  14  0:25  Probe  
  15  0:33  Probe  
  15  0:37  Gateway  
  15  0:41  Probe  
  16  0:46  Assimilator  
  17  0:51  Probe  
  18  1:03  Probe  
  19  1:15  Probe  
  20  1:25  Nexus  
  21  1:37  Probe, Cybernetics Core  
  21  1:43  Assimilator  
  21  1:50  Probe  
  22  1:55  Pylon  
  22  2:02  Probe  
  22  2:04  Adept  
  23  2:14  Probe  
  26  2:23  Stargate  
  26  2:26  Probe  
  27  2:30  Adept  
  27  2:33  Probe  
  27  2:34  Warp Gate, Probe  
  29  2:41  Probe  
  29  2:42  Probe  
  33  2:51  Probe  
  33  2:52  Probe  
  33  2:56  Oracle  
  35  3:03  Probe  
  35  3:04  Probe  
  40  3:16  Probe x2  
  42  3:20  Pylon  
  42  3:24  Adept  
  44  3:28  Oracle, Probe x2  
  46  3:39  Shield Battery x2  
  46  3:40  Probe x2  
  51  3:46  Pylon  
  51  3:52  Probe  
  51  3:53  Probe  
  53  4:02  Pylon  
  53  4:04  Probe  
  53  4:05  Oracle  
  54  4:16  Probe  
  51  4:20  Assimilator  
  51  4:22  Assimilator  
  50  4:25  Probe  
  51  4:33  Gateway  
  51  4:35  Gateway  
  51  4:37  Nexus  
  51  4:38  Oracle, Pylon  
  53  4:41  Probe  
  53  4:42  Probe  
  52  4:49  Stalker  
  57  4:53  Probe  
  57  4:54  Probe  
  59  5:05  Gateway, Probe  
  59  5:06  Oracle  
  60  5:07  Gateway  
  60  5:12  Stalker  
  62  5:17  Probe x2  
  67  5:29  Probe x2, Pylon  
  67  5:35  Pylon  
  69  5:39  Pylon  
  69  5:41  Phoenix, Probe  
  70  5:47  Probe  
  70  5:49  Sentry x2  
  77  5:50  Stalker  
  77  5:52  Probe  
  77  5:53  Probe  
  81  5:59  Probe  
  82  6:04  Probe, Stalker x2  
  82  6:06  Probe  
  88  6:11  Probe  
  88  6:12  Stalker x2  
  88  6:13  Stalker  
  88  6:16  Probe  
  96  6:18  Probe  
  96  6:22  Stalker  
  96  6:24  Stalker  
  89  6:40  Stalker x2  
  89  6:41  Stalker  
  89  6:43  Probe  
  89  6:45  Probe x2  
  89  6:46  Stalker  
  87  6:47  Stalker  
  87  6:50  Assimilator x2  
  87  6:51  Robotics Facility  
  89  6:54  Pylon  
  89  6:55  Probe  
  89  6:56  Forge  
  89  7:00  Probe  
  89  7:01  Probe  
  92  7:08  Forge  
  92  7:09  Sentry, Pylon  
  92  7:10  Sentry  
  92  7:13  Pylon  
  96  7:15  Shield Battery  
  96  7:17  Shield Battery  
  96  7:21  Stalker x2  
  96  7:22  Stalker  
  102  7:26  Pylon  
  102  7:32  Stalker  
  102  7:34  Sentry  
  102  7:35  Warp Prism  
  106  7:41  Pylon  
  108  7:45  Robotics Bay  
  108  7:48  Photon Cannon, Stalker  
  110  7:53  Zealot x2  
  114  8:00  Stalker x2  
  114  8:05  Photon Cannon  
  118  8:09  Observer  
  119  8:17  Twilight Council  
  119  8:18  Zealot x3  
  125  8:24  Robotics Facility  
  125  8:30  Disruptor  
  123  8:34  Zealot x2  
  130  8:46  Zealot  
  132  8:52  Sentry, Zealot  
  128  9:02  Zealot  
  128  9:03  Zealot  
  126  9:11  Zealot  
  126  9:14  Zealot  
  126  9:15  Zealot  
  95  9:28  Zealot x2  
  96  9:38  Stalker x2  
  88  9:39  Stalker  
Show
View Real Time Build Order
Export as new Build Order

Bunny Terran - Winner!

Build Orders: Cyclone Opening, MMM Bio 

Get SALT Encoding   

  12  0:00  SCV  
  13  0:13  SCV  
  14  0:17  Supply Depot  
  14  0:25  SCV  
  15  0:30  Refinery  
  15  0:38  SCV  
  16  0:44  Barracks  
  16  0:50  SCV  
  17  1:02  SCV  
  18  1:15  SCV  
  19  1:30  Orbital Command  
  19  1:32  Marine  
  20  1:47  Command Center  
  20  1:55  Factory  
  20  1:59  SCV  
  21  2:02  Barracks Reactor  
  21  2:06  Refinery  
  21  2:13  Supply Depot  
  22  2:15  SCV  
  22  2:27  SCV  
  23  2:40  SCV  
  24  2:46  Cyclone, Marine  
  24  2:47  Cyclone  
  31  2:59  SCV  
  31  3:00  Orbital Command  
  32  3:06  Barracks Tech Lab  
  32  3:11  SCV  
  33  3:19  Hellion  
  37  3:20  Hellion  
  37  3:23  SCV  
  37  3:25  SCV  
  37  3:27  Stimpack  
  40  3:32  Supply Depot  
  40  3:35  SCV  
  40  3:37  SCV  
  40  3:41  Cyclone  
  44  3:49  SCV x2  
  44  3:53  Marine  
  44  3:54  Cyclone  
  48  4:12  SCV x2  
  41  4:19  Widow Mine  
  41  4:20  Command Center, Marine  
  41  4:24  SCV x2  
  41  4:26  Widow Mine  
  45  4:32  Barracks  
  45  4:36  Barracks, SCV  
  45  4:37  SCV  
  47  4:39  Marine  
  48  4:45  Engineering Bay  
  48  4:49  SCV x2  
  50  4:56  Bunker  
  50  4:57  Marine  
  51  5:01  SCV x2  
  51  5:02  Supply Depot  
  53  5:13  SCV  
  54  5:14  Factory Reactor, Terran Infantry Weapons Level 1  
  54  5:17  Starport  
  54  5:18  Supply Depot  
  54  5:22  Barracks Tech Lab  
  54  5:23  Refinery, Marine, SCV  
  56  5:29  SCV  
  56  5:31  Marine x2  
  56  5:33  Orbital Command  
  59  5:35  SCV  
  59  5:36  Missile Turret  
  59  5:41  Marauder  
  59  5:42  Marauder  
  64  5:48  Supply Depot, SCV x2  
  66  5:50  Marine x2  
  68  5:57  Refinery  
  68  5:59  Medivac x2  
  68  6:02  Orbital Command, SCV x2  
  74  6:06  Combat Shields, Widow Mine  
  74  6:07  Concussive Shells  
  74  6:10  Marine x3  
  74  6:11  Marine  
  80  6:14  SCV  
  80  6:15  SCV  
  82  6:19  Missile Turret  
  82  6:21  Missile Turret  
  82  6:26  SCV  
  82  6:27  Supply Depot  
  82  6:28  SCV  
  82  6:30  Marauder x2  
  82  6:32  Medivac x2  
  92  6:35  Marine x2  
  92  6:38  Widow Mine  
  92  6:39  Orbital Command  
  87  6:42  SCV x2  
  81  6:51  Marauder x2  
  81  6:52  Barracks  
  85  6:55  Barracks  
  85  6:57  Marine  
  85  6:59  Marine  
  85  7:01  Widow Mine  
  89  7:02  Medivac x2  
  93  7:09  Orbital Command, Terran Infantry Armor Level 1  
  93  7:12  SCV x2  
  95  7:16  Marauder x2, Marine x2  
  101  7:24  Supply Depot x2  
  101  7:26  SCV x2  
  101  7:29  Supply Depot  
  103  7:30  Supply Depot  
  103  7:36  Marine  
  103  7:37  Marine, Marauder  
  104  7:40  Barracks Reactor, Marauder  
  104  7:43  Barracks Tech Lab  
  109  7:46  SCV x3  
  109  7:50  Missile Turret  
  112  7:52  Liberator x2  
  112  7:54  Supply Depot  
  112  7:59  Marauder, Marine x2  
  112  8:01  Marauder, SCV x2  
  112  8:03  SCV  
  126  8:13  SCV x2  
  126  8:17  Widow Mine  
  126  8:18  Marauder, Marine x2  
  134  8:21  Marine x2  
  136  8:29  Marauder x2  
  138  8:36  Marine x2  
  138  8:37  SCV x3  
  138  8:39  Marauder  
  138  8:41  Supply Depot x2  
  145  8:50  Marauder  
  145  8:51  Marauder  
  149  8:58  Widow Mine  
  149  8:59  Marine x3  
  149  9:02  Marauder  
  152  9:05  SCV x3  
  149  9:12  Marauder x2  
  149  9:13  Marine  
  152  9:17  Marine  
  152  9:19  Widow Mine  
  153  9:44  Engineering Bay, Armory  
Tags
 
Add a new tag
Caveats
  • Supply blocks, unpowered buildings, or Contaminate may cause inaccurate times.
  • Supply counts are checked every 10 seconds.